 Dungeon Crawl Stone Soup version 0.24.0-13-gcf9b3192b9 (webtiles) character file.

Game seed: 3700640705595086299, levelgen mode: deterministic

7331 inmateoo the Transmogrifier (level 10, -2/46 HPs)
             Began as a Felid Transmuter on Nov 6, 2019.
             Was the Champion of Makhleb.
             Slain by a spiny frog (19 damage)
             ... on level 3 of the Lair of Beasts.
             The game lasted 00:29:45 (16136 turns).

inmateoo the Transmogrifier (Felid Transmuter)     Turns: 16136, Time: 00:29:46

Health: -2/46      AC:  4    Str:  2    XL:     10   Next: 90%
Magic:  18/23      EV: 23    Int: 14    God:    Makhleb [******]
Gold:   1969       SH:  0    Dex: 18    Spells: 0/25 levels left
                                        Lives:  0   Deaths: 2

rFire    . . .     SeeInvis +     - Unarmed
rCold    . . .     Gourm    .   (shield unavailable)
rNeg     + . .     Faith    .   (armour unavailable)
rPois    +         Spirit   .   (helmet unavailable)
rElec    .         Reflect  .   (cloak unavailable)
rCorr    .         Harm     .   (gloves unavailable)
MR       ++...                  (boots unavailable)
Stlth    ++........             B - amulet of magic regeneration
HPRegen  0.15/turn              o - ring of flight
MPRegen  0.43/turn              i - ring of Guuwua {rPois rN+ MR+ Str-5 Slay+5}

@: blade paws, very slightly contaminated, quick
A: very small, no armour, no weapons or thrown items, stealth, claws 1, fangs 3,
horns 1, molten scales 1, see invisible, carnivore, clumsy 1, speed 1, shaggy
fur 2, slow metabolism 1
a: End Transformation, Minor Destruction, Lesser Servant of Makhleb, Major
Destruction, Greater Servant of Makhleb, Renounce Religion, Evoke Flight


You were on level 3 of the Lair of Beasts.
You worshipped Makhleb.
Makhleb was exalted by your worship.
You were not hungry.
You had blades for front paws.
You visited 2 branches of the dungeon, and saw 15 of its levels.
You also visited: Sewer and Bailey.

You collected 2081 gold pieces.
You spent 112 gold pieces at shops.

Inventory:

Missiles
 b - 102 arrows
Jewellery
 i - the ring of Guuwua (right scythe-like blade) {rPois rN+ MR+ Str-5 Slay+5}
   (You found it on level 5 of the Dungeon)

   [ring of positive energy]

   It affects your strength (-5).
   It affects your accuracy and damage with ranged weapons and melee attacks
   (+5).
   It protects you from poison.
   It protects you from negative energy.
   It affects your resistance to hostile enchantments.
 o - a ring of flight (left scythe-like blade)
 v - an uncursed amulet of rage {unknown}
 y - an uncursed amulet of harm {unknown}
 B - an amulet of magic regeneration (around neck)
 C - an uncursed amulet of regeneration {unknown}
Wands
 a - a wand of flame (10)
 g - a wand of polymorph (13)
 s - a wand of random effects (17)
 F - a wand of enslavement (8)
Scrolls
 k - 7 scrolls of remove curse
 r - 3 scrolls of amnesia
 w - a scroll of fog
 A - 2 scrolls of teleportation
 E - 3 scrolls of identify
 G - a scroll of blinking
Potions
 d - 2 potions of brilliance
 e - 2 potions of mutation
 f - 10 potions of heal wounds
 h - 2 potions of ambrosia
 l - 9 potions of curing
 m - a potion of berserk rage {unknown}
 n - 2 potions of haste
 p - 5 potions of flight
 q - 3 potions of lignification
 t - a potion of invisibility
 u - a potion of agility
 z - a potion of might
 D - a potion of resistance {unknown}
Miscellaneous
 j - a phial of floods
 x - a fan of gales
Comestibles
 c - 29 rations


   Skills:
 + Level 6.4 Fighting
 - Level 7.0 Dodging
 - Level 6.1 Stealth
 * Level 10.6 Unarmed Combat
 + Level 8.2 Spellcasting
 * Level 12.1 Transmutations
 - Level 4.0 Ice Magic
 + Level 1.7 Earth Magic
 - Level 3.0 Invocations
 + Level 4.0 Evocations


You couldn't memorise any spells.
You knew the following spells:

 Your Spells              Type           Power        Failure   Level  Hunger
a - Statue Form           Tmut/Erth      ####.....    96%         6    #######
b - Sticks to Snakes      Tmut           #####...     8%          2    None
c - Spider Form           Tmut/Pois      ###.......   26%         3    ##.....
d - Ice Form              Ice/Tmut       ####....     32%         4    ####...
e - Blade Hands           Tmut           #####.....   22%         5    #####..
f - Hydra Form            Tmut           #####.....   52%         6    #######

Your spell library contained the following spells:

 Spells                   Type           Power        Failure   Level  Hunger
 Beastly Appendage        Tmut           #####.       7%          1    None
 Animate Skeleton         Necr           N/A          52%         1    None
 Magic Dart               Conj           #...         52%         1    None
 Pain                     Necr           #...         52%         1    None
 Sting                    Conj/Pois      #...         52%         1    None
 Blink                    Tloc           N/A          61%         2    None
 Call Imp                 Summ           #.......     61%         2    None
 Poisonous Vapours        Pois/Air       #.....       61%         2    None
 Slow                     Hex            #.......     61%         2    None
 Irradiate                Conj/Tmut      ###.......   71%         5    #####..
 Conjure Flame            Conj/Fire      #.......     78%         3    ##.....
 Mephitic Cloud           Conj/Pois/Air  #.......     78%         3    ##.....
 Regeneration             Chrm/Necr      #.........   78%         3    ##.....
 Vampiric Draining        Necr           #.........   78%         3    ##.....
 Dragon Form              Tmut           #####.....   91%         7    #######
 Animate Dead             Necr           N/A          97%         4    ####...
 Olgreb's Toxic Radiance  Pois           #.......     97%         4    ####...
 Venom Bolt               Conj/Pois      #.........   100%        5    #####..


Dungeon Overview and Level Annotations

Branches:
Dungeon (12/15)              Lair (3/6) D:10            Orc (0/2) D:11
  Sewer (visited)          Bailey (visited)
 Temple: D:4-7        Swamp: Lair:2-4    Shoals: Lair:2-4     Snake: Lair:2-4
 Spider: Lair:2-4

Altars:
Fedhas
Kikubaaqudgha
Makhleb
Xom
Yredelemnul
The Shining One

Shops:
D:8 !

Annotations:
D:12 Frances


Innate Abilities, Weirdness & Mutations

You cannot wear armour.
You are incapable of wielding weapons or throwing items.
Your paws allow you to move quietly. (Stealth)
You have sharp claws.
You have razor-sharp teeth.
You have supernaturally acute eyesight. (SInv)
You are carnivorous and can eat meat at any time.
You cover ground quickly.
You are covered in thick fur. (AC +2)
You have a slow metabolism.
((Your sharp claws are effective at attacking unaware monsters.))
You have a pair of small horns on your head.
You are partially covered in molten scales. (AC +2)
You are clumsy. (Dex -2)


Message History

Makhleb accepts your kill.
Your Evocations skill increases to level 4!
You now have 1969 gold pieces (gained 11).
A spiny frog comes into view.
Found 6 curare-tipped darts.
The spiny frog croaks.
The spiny frog stings you!
You slash the spiny frog!
The spiny frog is moderately wounded.
The spiny frog completely misses you.
Casting: Blade Hands (quite dangerous; 22% risk of failure)
Confirm with . or Enter, or press ? or * to list all spells.
You miscast Blade Hands.
You are very lightly contaminated with residual magic.
Your skin tingles.
The spiny frog stings you!!
Unknown command.
You hit the spiny frog.
The spiny frog is heavily wounded.
The spiny frog stings you!!
You die...

...P#...####.###P .....
.......## ##.... ....
#.#..# ##.PP ... ......
# #..†F ###..####P##.+
+..h# .#..#.P..###..#
#P.#. ...........(..#
#....
.#P.#.F##.###.######P.##
.......@................
#.##....#.#....#...#P...
........................
....#...#..##...#.P...#.
.......................†
.#...##..P..#.#P##.#####
#### ##############


You could see a spiny frog.

Vanquished Creatures
  Harold (D:11)
  A hydra (D:11)
  An anaconda (shapeshifter) (Bailey)
  Pikel (D:7)
  A wizard (D:7)
  A manticore (D:11)
  Joseph (D:7)
  A black mamba (Lair:1)
  3 spiny frogs
  A rime drake (Lair:2)
  2 komodo dragons
  6 slime creatures (D:12)
  4 hippogriffs
  A wyvern (D:9)
  A spriggan (D:7)
  A water elemental (D:11)
  17 yaks
  2 basilisks (Lair:1)
  A vampire mosquito (D:11)
  An acid dragon (D:11)
  2 water moccasins
  5 porcupines
  5 black bears (D:10)
  A swamp drake (Bailey)
  14 orc warriors
  2 ice beasts
  Purgy (Sewer)
  A hornet zombie (D:7)
  6 necrophages
  4 sky beasts
  6 ogres
  An eye of draining (D:5)
  2 centaurs
  4 crocodiles
  5 big kobolds
  13 bullfrogs
  Blork the orc (D:4)
  2 scorpions
  18 killer bees
  6 wights (D:8)
  An electric eel (D:11)
  3 howler monkeys
  2 jellies
  2 crimson imps
  4 centaur zombies
  8 orc priests
  4 hounds
  3 bullfrog skeletons (D:5)
  3 iguanas
  17 orc wizards
  5 worker ants
  4 hound zombies
  A mummy (D:8)
  2 hound skeletons
  A howler monkey zombie (D:8)
  2 worker ant zombies
  A gnoll (D:3)
  10 adders
  A river rat (D:5)
  2 shadow imps
  3 worms
  4 dart slugs
  4 leopard geckos
  52 orcs
  5 ball pythons
  3 bats
  8 giant cockroaches
  8 goblins
  2 hobgoblins
  15 jackals
  4 frilled lizards
  A jackal skeleton (D:4)
  A jackal zombie (D:8)
  32 kobolds
  A quokka skeleton (D:5)
  12 rats
378 creatures vanquished.

Vanquished Creatures (collateral kills)
  An orc warrior (D:11)
  An orc priest (D:3)
  An adder (D:2)
  6 orcs
  A goblin (D:11)
10 creatures vanquished.

Vanquished Creatures (others)
  An orc warrior (Bailey)
  2 slaves (D:7)
  A big kobold (D:7)
  An electric eel (D:7)
  A crimson imp (D:5)
  A worker ant (D:7)
  2 adders (D:7)
  2 giant cockroaches (D:7)
  A jackal (D:7)
  A quokka (D:7)
  5 fungi
  7 plants
  A withered plant (D:8)
26 creatures vanquished.

Grand Total: 414 creatures vanquished

Notes
Turn   | Place    | Note
-------+----------+-------------------------------------------
     0 | D:1      | inmateoo the Felid Transmuter began the quest for the Orb.
     0 | D:1      | Reached XP level 1. HP: 9/9 MP: 4/4
   113 | D:1      | Reached skill level 1 in Stealth
   151 | D:1      | Reached XP level 2. HP: 10/12 MP: 6/6
  1073 | D:2      | Reached XP level 3. HP: 15/15 MP: 7/7
  1248 | D:2      | Found a burning altar of Makhleb.
  1263 | D:2      | Became a worshipper of Makhleb the Destroyer
  1746 | D:2      | Reached skill level 3 in Transmutations
  1802 | D:2      | Learned a level 2 spell: Sticks to Snakes
  1806 | D:2      | Learned a level 3 spell: Spider Form
  2290 | D:2      | Reached XP level 4. HP: 14/19 MP: 5/8
  3090 | D:2      | Gained mutation: You are clumsy. (Dex -2) [potion of
                  | mutation]
  3090 | D:2      | Gained mutation: You are partially covered in molten
                  | scales. (AC +2) [potion of mutation]
  3090 | D:2      | Gained mutation: You have a pair of small horns on your
                  | head. [potion of mutation]
  3099 | D:2      | Reached XP level 5. HP: 5/23 MP: 3/9
  3992 | D:3      | Reached * piety under Makhleb
  4089 | D:3      | Found a faded altar of an unknown god.
  4153 | D:3      | HP: 1/24 [gnoll/+0 whip (9)]
  4158 | D:3      | Gained mutation: You are covered in thick fur. (AC +2)
                  | [Felid growth]
  4158 | D:3      | Reached XP level 6. HP: 2/27 MP: 4/10
  4792 | D:4      | Noticed Blork the orc
  4801 | D:4      | Killed Blork the orc
  4801 | D:4      | Reached skill level 4 in Transmutations
  4801 | D:4      | Reached skill level 1 in Invocations
  5616 | D:4      | Reached XP level 7. HP: 31/31 MP: 1/12
  5739 | D:5      | Entered Level 5 of the Dungeon
  5772 | D:5      | Got a shimmering granite ring
  5773 | D:5      | Identified the ring of Guuwua {rPois rN+ MR+ Str-5 Slay+5}
                  | (You found it on level 5 of the Dungeon)
  5822 | D:5      | Reached skill level 5 in Stealth
  5957 | D:5      | Reached ** piety under Makhleb
  6207 | D:5      | Reached XP level 8. HP: 36/36 MP: 5/14
  6215 | D:5      | Reached skill level 5 in Unarmed Combat
  6278 | D:5      | Reached skill level 5 in Transmutations
  6287 | D:5      | Found a glowing drain.
  6292 | Sewer    | Entered a sewer
  6322 | Sewer    | Noticed Purgy
  6324 | Sewer    | Killed Purgy
  6693 | D:6      | You fall into a shaft and drop 1 floor!
  6736 | D:7      | Noticed Pikel
  6751 | D:7      | Killed Pikel
  6751 | D:7      | Reached skill level 7 in Transmutations
  6852 | D:7      | Reached XP level 9. HP: 39/39 MP: 16/16
  6858 | D:7      | Found a shimmering altar of Xom.
  6888 | D:7      | Found a blossoming altar of Fedhas.
  7023 | D:7      | Learned a level 5 spell: Blade Hands
  7028 | D:7      | Learned a level 4 spell: Ice Form
  7033 | D:7      | Found an ancient bone altar of Kikubaaqudgha.
  7163 | D:7      | Noticed Joseph
  7261 | D:7      | Killed Joseph
  7261 | D:7      | Reached skill level 1 in Ice Magic
  7293 | D:7      | Noticed a wizard
  7341 | D:7      | Killed a wizard
  7574 | D:7      | Reached skill level 5 in Spellcasting
  7591 | D:7      | Reached skill level 8 in Transmutations
  7592 | D:7      | Found a glowing golden altar of the Shining One.
  7975 | D:8      | Found Fimemu's Distillery.
  7978 | D:8      | Bought a potion of invisibility for 112 gold pieces
  8032 | D:8      | Reached XP level 10. HP: 26/42 MP: 14/19
  8035 | D:8      | Reached *** piety under Makhleb
  8903 | D:8      | Reached skill level 9 in Transmutations
  8908 | D:8      | Reached **** piety under Makhleb
  9021 | D:8      | Reached skill level 5 in Dodging
  9616 | D:9      | Learned a level 6 spell: Hydra Form
 10094 | D:9      | Reached skill level 10 in Transmutations
 10271 | D:10     | Entered Level 10 of the Dungeon
 10359 | D:10     | Found a staircase to the Lair.
 10713 | D:10     | Reached ***** piety under Makhleb
 10784 | D:10     | Found a basalt altar of Yredelemnul.
 11054 | D:10     | Reached XP level 11. HP: 39/45 MP: 16/22
 11475 | D:11     | Found a flagged portal.
 11621 | Bailey   | Entered a bailey
 11648 | Bailey   | HP: 1/45 [orc warrior/+0 halberd (19)]
 11935 | Bailey   | Noticed an orc knight
 11997 | Bailey   | Noticed a glowing shapeshifter
 11997 | Bailey   | an orc knight changed into a glowing shapeshifter
 11998 | Bailey   | Noticed an anaconda
 11998 | Bailey   | a glowing shapeshifter changed into an anaconda
 11999 | Bailey   | Noticed a glowing orange brain
 11999 | Bailey   | an anaconda changed into a glowing orange brain
 12001 | Bailey   | a glowing orange brain changed into an eye of devastation
 12002 | Bailey   | Noticed a mana viper
 12002 | Bailey   | an eye of devastation changed into a mana viper
 12003 | Bailey   | Noticed a shining eye
 12003 | Bailey   | a mana viper changed into a shining eye
 12004 | Bailey   | Noticed a swamp dragon
 12004 | Bailey   | a shining eye changed into a swamp dragon
 12007 | Bailey   | Noticed a glowing orange brain
 12007 | Bailey   | a swamp dragon changed into a glowing orange brain
 12012 | Bailey   | Noticed an anaconda
 12012 | Bailey   | a glowing orange brain changed into an anaconda
 12017 | Bailey   | Killed an anaconda
 12017 | Bailey   | Reached skill level 5 in Fighting
 12627 | D:11     | Reached skill level 1 in Evocations
 12870 | D:11     | Noticed Harold
 12894 | D:11     | Killed Harold
 12894 | D:11     | Reached skill level 11 in Transmutations
 13218 | D:11     | Slain by an orc warrior
 13219 | D:11     | Reached XP level 10. HP: -5/44 MP: 22/22
 13267 | D:11     | Noticed a five-headed hydra
 13567 | D:11     | Found a staircase to the Orcish Mines.
 13982 | D:11     | Killed a five-headed hydra
 14105 | D:11     | Reached XP level 11. HP: 38/48 MP: 18/23
 14379 | D:12     | Reached skill level 10 in Unarmed Combat
 14925 | D:12     | Noticed Frances
 14975 | Lair:1   | Entered Level 1 of the Lair of Beasts
 14987 | Lair:1   | Learned a level 6 spell: Statue Form
 15341 | Lair:1   | Noticed an eight-headed hydra
 15412 | Lair:2   | Reached skill level 1 in Earth Magic
 15514 | Lair:2   | Reached ****** piety under Makhleb
 15517 | Lair:2   | Reached skill level 12 in Transmutations
 15590 | Lair:2   | Noticed a seven-headed hydra
 16064 | Lair:3   | Slain by a spiny frog
 16065 | Lair:3   | Reached XP level 10. HP: -2/46 MP: 21/23
 16072 | Lair:3   | Noticed an elephant
 16072 | Lair:3   | Noticed an elephant
 16074 | Lair:3   | Noticed an elephant
 16114 | Lair:3   | Killed a spiny frog
 16127 | Lair:3   | Noticed a spiny frog
 16136 | Lair:3   | Slain by a spiny frog

Levels and vault maps discovered:
D:1:      dpeg_arrival_radiant, layout_loops_corners, minmay_misc_feat_alley
D:2:      layout_basic, lemuel_crystal_altar, kennysheep_generic_room_16
D:3:      layout_basic, chequers_ecumenical_altar_simple, cheibrodos_gnoll_hut
D:4:      layout_basic, lemuel_doored_altar, first_ration, uniq_blork_the_orc
D:5:      layout_loops_cross, lightli_sewer_entry_pipes, minmay_crystal_room
D:6:      layout_rooms, kennysheep_little_box, temple_hall, minmay_statues_item,
          nrook_mini_vaults, minmay_shop_damaged
D:7:      cheibrodos_wizards_tower, layout_gridville, fedhas_altar_1,
          xom_confusion_cloud, kiku_gazebo_garden_becter, marbit_many_paths,
          the_bakery, uniq_joseph, uniq_pikel
D:8:      layout_loops_corners, serial_shops, nicolae_shop_behind_doors,
          serial_undead, serial_undead_e, serial_undead_b, serial_undead_d,
          serial_undead_a, serial_undead_e, serial_undead_a, serial_undead_a,
          serial_undead_e, serial_undead_e, serial_undead_a,
          minmay_splitting_lines, chequers_serial_rivers_micro_e
D:9:      layout_loops_ring
D:10:     layout_irregular_city, due_lair_maze_entry_diamond, basic_altar
D:11:     layout_roguey, erik_orc_2, enter_bailey_3, uniq_harold
D:12:     layout_roguey, grunt_ministairs_2, uniq_snorg, uniq_frances
Lair:1:   layout_big_grid, serial_bayou_crossing
Lair:2:   layout_layer_cave, guppyfry_snake_entry_garden
Lair:3:   layout_long_grid, elwin_shoals_entry_stream,
          chequers_serial_rivers_room_b, serial_bayou_shore_a

Skill      XL: |  1  2  3  4  5  6  7  8  9 10 11 |
---------------+----------------------------------+-----
Stealth        | 1 2 3 4 5 6 |  6.1
Transmutations | 3 4 7 8 10 12 | 12.1
Fighting       | 2 3 4 6 |  6.4
Unarmed Combat | 4 6 8 10 | 10.6
Invocations    | 1 2 3 |  3.0
Spellcasting   | 3 4 5 7 8 |  8.2
Ice Magic      | 3 4 |  4.0
Dodging        | 3 7 6 |  7.0
Evocations     | 4 3 |  4.0
Earth Magic    | 1 |  1.7

Action                   |  1- 3 |  4- 6 |  7- 9 | 10-12 || total
-------------------------+-------+-------+-------+-------++-------
Melee: Unarmed           |   114 |   211 |   204 |   639 ||  1168
       Bite              |     7 |     6 |     3 |    42 ||    58
       Punch             |     3 |     3 |     4 |    18 ||    28
       Headbutt          |     3 |    21 |    11 |    77 ||   112
 Cast: Beastly Appendage |     8 |     2 |       |       ||    10
       Sticks to Snakes  |     2 |    13 |     5 |     6 ||    26
       Spider Form       |       |     6 |    11 |     1 ||    18
       Blade Hands       |       |       |     4 |    42 ||    46
       Ice Form          |       |       |     1 |     1 ||     2
       Hydra Form        |       |       |       |     6 ||     6
 Abil: End Transformatio |       |       |     4 |     4 ||     8
Evoke: Wand              |       |       |     4 |    45 ||    49
       Phial of floods   |       |       |       |     1 ||     1
  Use: Scroll            |     1 |     8 |     4 |     7 ||    20
       Potion            |       |     6 |     1 |     1 ||     8
 Stab: Sleeping          |     8 |    10 |    18 |    23 ||    59
       Distracted        |       |       |     2 |     2 ||     4
       Paralysed         |       |       |       |     1 ||     1
       Confused          |       |       |       |     4 ||     4
  Eat: Chunk             |     9 |    10 |     4 |    28 ||    51
Armor: Skin              |     2 |    19 |     9 |    42 ||    72
Dodge: Dodged            |    75 |   198 |   150 |   451 ||   874
